 Dungeon Crawl Stone Soup version 0.28.0-43-g3370ac3207 (webtiles) character file.

Game seed: 8875303580078125191

1334 pkoi the Zephyrmancer (level 8, -3/41 HPs)
             Began as an Octopode Air Elementalist on Mar 17, 2022.
             Was a Follower of Hepliaklqana.
             Slain by a two-headed ogre
             ... wielding a +0 giant spiked club
              (26 damage)
             ... on level 6 of the Dungeon.
             The game lasted 00:13:24 (12589 turns).

pkoi the Zephyrmancer (Octopode Air Elementalist)  Turns: 12589, Time: 00:13:24

Health: -3/41      AC:  1    Str:  8    XL:     8   Next: 61%
Magic:  0/13       EV: 13    Int: 19    God:    Hepliaklqana [*.....]
Gold:   237        SH:  0    Dex: 12    Spells: 2/14 levels left

rFire   . . .      SeeInvis .   k - +2 dagger (protect)
rCold   + . .      Faith    .   (no shield)
rNeg    . . .      Spirit   .   (helmet restricted)
rPois   .          Reflect  .   l - amulet of the Priest {Acrobat rC+ Regen+}
rElec   .          Harm     .   (no ring)
rCorr   .          Rampage  .   (no ring)
Will    .....                   (no ring)
Stlth   +++.......              (no ring)
HPRegen 0.93/turn               (no ring)
MPRegen 0.13/turn               (no ring)
                                (no ring)
                                (no ring)

@: no status effects
A: reduced essence, almost no armour, amphibious, 8 rings, camouflage 1,
gelatinous body 1, (nimble swimmer 1), tentacles
a: Renounce Religion, Recall Ancestor, Ancestor Identity


You were on level 6 of the Dungeon.
You worshipped Hepliaklqana.
Hepliaklqana was aware of your devotion.
You visited 1 branch of the dungeon, and saw 6 of its levels.

You collected 237 gold pieces.

Inventory:

Hand Weapons
 a - a +0 dagger
 k - a +2 dagger of protection (weapon)
Missiles
 c - 5 atropa-tipped darts
 d - 14 poisoned darts
 q - 3 curare-tipped darts
Jewellery
 g - an amulet of reflection
 l - the amulet of the Priest (around mantle) {Acrobat rC+ Regen+}
   (You found it on level 4 of the Dungeon)

   [amulet of the acrobat]

   It increases your evasion while moving and waiting.
   rC:        It protects you from cold.
   Regen:     It increases your rate of health regeneration.
Wands
 f - a wand of flame (41)
Scrolls
 b - 2 scrolls of teleportation
 m - a scroll of summoning
 n - a scroll of identify
Potions
 e - a potion of might
 h - a potion of lignification
 i - 3 potions of flight
 j - a potion of resistance
 o - a potion of curing
 p - a potion of heal wounds


   Skills:
 - Level 2.0 Dodging
 - Level 2.6 Stealth
 + Level 3.5 Spellcasting
 - Level 1.0 Conjurations
 + Level 1.1 Translocations
 + Level 10.1 Air Magic


You had 2 spell levels left.
You knew the following spells:

 Your Spells              Type           Power      Damage    Failure   Level
a - Shock                 Conj/Air       96%        1d9       1%          1
b - Swiftness             Air            41%        N/A       1%          3
c - Airstrike             Air            20%        N/A       2%          4
d - Static Discharge      Conj/Air       24%        N/A       2%          2
e - Blink                 Tloc           14%        N/A       14%         2

Your spell library contained the following spells:

 Spells                   Type           Power      Damage    Failure   Level
 Poisonous Vapours        Pois/Air       44%        N/A       2%          2
 Sting                    Tmut/Pois      12%        1d3       14%         1
 Gell's Gravitas          Tloc           7%         N/A       26%         3
 Lesser Beckoning         Tloc           7%         N/A       26%         3
 Teleport Other           Tloc           7%         N/A       26%         3
 Olgreb's Toxic Radiance  Pois           3%         N/A       82%         4
 Manifold Assault         Tloc           7%         N/A       94%         5
 Storm Form               Tmut/Air       11%        N/A       100%        7


Dungeon Overview and Level Annotations

Branches:
Dungeon (6/15)             Temple (0/1) D:6

Altars:
Fedhas
Gozag
Hepliaklqana
Nemelex Xobeh
Wu Jian

Shops:
D:3 [   D:4 ?

Annotations:
D:5 Ijyb


Innate Abilities, Weirdness & Mutations

Your life essence is reduced to manifest your ancestor. (-10% HP)
You cannot wear most types of armour.
You are amphibious.
You can wear up to eight rings at the same time.
Your skin changes colour to match your surroundings (Stealth+).
Your rubbery body absorbs attacks. (AC +1, EV +1)
((You are camouflaged when in or above water. (Stealth+)))
You have tentacles for arms and can constrict up to eight enemies at once.


Message History

Confirm with . or Enter, or press ? or * to list all spells.
The bullfrog is struck by an arc of lightning!
The bullfrog is severely wounded.
The two-headed ogre is struck by an arc of lightning!
The two-headed ogre is severely wounded.
The bullfrog is struck by an arc of lightning!
You kill the bullfrog!
The lightning grounds out.
Your Translocations skill increases to level 1!
Unknown command.
The two-headed ogre misses you. x2
There is a staircase to the Ecumenical Temple here.
Aiming: Airstrike (dangerous; 2% risk of failure)
Press: ? - help, Q - select action, (/) - cycle Dir - move target, f/p - two-headed ogre
Aim: a two-headed ogre, wielding two +0 giant spiked clubs (heavily wounded, empty space bonus: 6/8)
The air twists around and strikes the two-headed ogre!
The two-headed ogre is severely wounded.
The two-headed ogre closely misses you. The two-headed ogre misses you.
The two-headed ogre closely misses you.
The two-headed ogre completely misses you.
Tala emerges from the mists of memory!
The two-headed ogre hits Tala with a +0 giant spiked club!
The two-headed ogre hits Tala with a +0 giant spiked club!!
Tala is destroyed!
There is a stone staircase leading up here.
Aiming: Airstrike (dangerous; 2% risk of failure)
Press: ? - help, Q - select action, (/) - cycle Dir - move target, f/p - two-headed ogre
Aim: a two-headed ogre, wielding two +0 giant spiked clubs (heavily wounded, empty space bonus: 8/8)
The air twists around and strikes the two-headed ogre!
The two-headed ogre is severely wounded.
Casting: Airstrike (dangerous; 2% risk of failure)
Confirm with . or Enter, or press ? or * to list all spells.
The two-headed ogre is struck by an arc of lightning!
The two-headed ogre is almost dead.
The lightning grounds out.
The two-headed ogre hits you with a +0 giant spiked club!!
* * * LOW HITPOINT WARNING * * *
The two-headed ogre hits you with a +0 giant spiked club!!
Ouch! That really hurt!
You die...

#.# ##### #.# ##...# ##.##
#######.###.
##...#####.....#.#...
#.....##.......#.....
##...###.......#....#
##.####.§§§...#....#
#O###..§.§...#.....
#.@........###....#
###.####...###..#.# #.#
##........... #.#
#......##.#.. #.#
#.####.##.#.. #.#
#.####.##....
##########.###............
####.................#<#####.
........##.##.###....#.# #.


You could see a two-headed ogre.

Vanquished Creatures
  Duvessa (D:5)
  An ogre (D:5)
  2 phantoms
  A centaur (D:5)
  A bullfrog (D:6)
  2 scorpions
  A hound (D:4)
  A jelly (D:6)
  An orc priest (D:4)
  A gnoll shaman (D:4)
  An orc wizard (D:6)
  Robin (D:2)
  8 gnolls
  A howler monkey skeleton (D:3)
  5 adders
  A white imp (D:5)
  4 worms
  3 dart slugs (D:1)
  15 orcs
  9 endoplasms
  A giant cockroach (D:1)
  16 goblins
  5 hobgoblins
  6 quokkas
  A ball python (D:4)
  7 bats
  A frilled lizard (D:3)
  5 kobolds
  6 rats
108 creatures vanquished.

Vanquished Creatures (collateral kills)
  A steam dragon (D:6)
  An ice beast (D:6)
  Dowan (D:5)
  Crazy Yiuf (D:5)
  An iguana (D:5)
  2 orcs (D:5)
7 creatures vanquished.

Vanquished Creatures (others)
  3 ancestors (D:6)
3 creatures vanquished.

Grand Total: 118 creatures vanquished

Notes
Turn   | Place    | Note
-------+----------+-------------------------------------------
     0 | D:1      | pkoi the Octopode Air Elementalist began the quest for the
                  | Orb.
     0 | D:1      | Reached XP level 1. HP: 11/11 MP: 3/3
   186 | D:1      | Reached XP level 2. HP: 17/17 MP: 0/5
  1130 | D:1      | Reached skill level 4 in Air Magic
  1650 | D:1      | Reached XP level 3. HP: 11/21 MP: 0/6
  2441 | D:2      | Learned a level 3 spell: Swiftness
  2476 | D:2      | Reached XP level 4. HP: 27/27 MP: 2/7
  2898 | D:2      | Found a sparkling altar of Nemelex Xobeh.
  2964 | D:2      | Reached skill level 5 in Air Magic
  4039 | D:3      | Noticed Robin
  4119 | D:2      | Reached XP level 5. HP: 21/31 MP: 8/8
  4470 | D:2      | Killed Robin
  5078 | D:3      | Learned a level 4 spell: Airstrike
  5251 | D:3      | Found a hazy altar of Hepliaklqana.
  5256 | D:3      | Found an opulent altar of Gozag.
  5265 | D:3      | Reached skill level 6 in Air Magic
  5265 | D:3      | Became a worshipper of Hepliaklqana the Forgotten
  5833 | D:3      | Found Rergheixt's Armour Shop.
  6066 | D:4      | Reached XP level 6. HP: 33/36 MP: 3/9
  6127 | D:4      | Found Nubatrak's Magic Scroll Shop.
  7081 | D:3      | Reached skill level 7 in Air Magic
  8213 | D:4      | Reached XP level 7. HP: 41/41 MP: 5/10
  8360 | D:4      | Identified the amulet of the Priest {Acrobat rC+ Regen+}
  8367 | D:4      | Found a blossoming altar of Fedhas.
  8368 | D:4      | Found an ornate altar of the Wu Jian Council.
  8585 | D:4      | Reached skill level 8 in Air Magic
  9000 | D:5      | Entered Level 5 of the Dungeon
  9287 | D:5      | Reached * piety under Hepliaklqana
  9290 | D:5      | Noticed Ijyb
  9302 | D:5      | Learned a level 2 spell: Static Discharge
 10247 | D:5      | Noticed Dowan
 10265 | D:5      | Noticed Duvessa
 10315 | D:5      | Reached skill level 9 in Air Magic
 10525 | D:5      | Found a runed translucent door.
 10526 | D:5      | Noticed Crazy Yiuf
 10620 | D:5      | Killed Duvessa
 10621 | D:5      | Reached XP level 8. HP: 29/41 MP: 2/11
 10624 | D:5      | Killed Dowan
 11309 | D:5      | Killed Crazy Yiuf
 11442 | D:6      | Noticed a two-headed ogre
 11912 | D:6      | Found a staircase to the Ecumenical Temple.
 12082 | D:6      | Learned a level 2 spell: Blink
 12135 | D:6      | Reached skill level 10 in Air Magic
 12514 | D:6      | Reached skill level 1 in Translocations
 12589 | D:6      | Slain by a two-headed ogre

Illustrated notes

Levels and vault maps discovered:
D:1:      lightli_arrival_lavapool, layout_loops_ring, hangedman_decor_riveting,
          chequers_serial_rivers_micro_b
D:2:      layout_loops_ring, basic_altar, chequers_mini_garden,
          guppyfry_early_orc_mine
D:3:      layout_rooms, mainiacjoe_overflow_catwalk_spiral, serial_shops, shop,
          uniq_robin
D:4:      layout_cave_pods, nicolae_overflow_squiral, serial_shops, shop,
          minmay_quantized
D:5:      layout_gridville, chequers_serial_rivers_small_3,
          kennysheep_small_square, uniq_crazy_yiuf_cottage, uniq_duvessa,
          uniq_ijyb
D:6:      layout_loops_cross, minmay_temple_entry_purple_smoke, serial_shops,
          shop

Skill      XL: |  1  2  3  4  5  6  7  8 |
---------------+-------------------------+-----
Air Magic      | 4 5 6 7 9 10 | 10.1
Spellcasting   | 3 |  3.5
Translocations | 1 |  1.1
Dodging        | |  2.0
Stealth        | |  2.6
Conjurations   | |  1.0

Action                   |  1- 3 |  4- 6 |  7- 9 || total
-------------------------+-------+-------+-------++-------
Melee: Dagger            |     6 |    39 |    17 ||    62
       Constrict         |     2 |     8 |     6 ||    16
       Tentacles         |     1 |    10 |     7 ||    18
       Punch             |       |     1 |     1 ||     2
 Cast: Shock             |    52 |   177 |    27 ||   256
       Airstrike         |       |       |    29 ||    29
       Static Discharge  |       |       |     2 ||     2
       Blink             |       |       |     1 ||     1
Invok: Ancestor Identity |       |       |     1 ||     1
       Recall Ancestor   |       |       |     1 ||     1
  Use: Scroll            |       |     6 |     7 ||    13
 Stab: Sleeping          |       |     1 |       ||     1
Armor: Skin              |     1 |     3 |     5 ||     9
Dodge: Dodged            |    13 |    48 |    43 ||   104
